Map: Odyssey LE

Players

Reynor

  • Race: Zerg Zerg
  • League: Grandmaster
  • Spawn Location: 11:00

Rail - Winner!

  • Race: Protoss Protoss
  • Spawn Location: 5:00

Event: WESG Barcelona European Finals 2017

VOD

Have the link to the VOD?

Description

Time

  • Played on: Nov. 23, 2017, 7:36 a.m.
  • Length: 9:45

All games in this series

Show
View Real Time Build Order
Export as new Build Order

Reynor Zerg 

Build Orders: Hatch First 

Get SALT Encoding   

  12  0:00  Drone  
  13  0:12  Overlord  
  13  0:16  Drone  
  14  0:23  Drone, Extractor  
  15  0:31  Drone  
  15  0:34  Drone  
  17  0:54  Drone  
  17  0:55  Hatchery  
  17  0:58  Drone  
  17  1:00  Extractor  
  17  1:15  Spawning Pool  
  17  1:17  Drone  
  17  1:20  Drone  
  18  1:28  Drone  
  19  1:38  Overlord  
  19  1:49  Drone  
  20  2:04  Zergling x2  
  20  2:06  Queen, Metabolic Boost  
  20  2:08  Drone  
  24  2:11  Drone  
  24  2:14  Queen  
  27  2:18  Drone  
  28  2:23  Drone  
  28  2:28  Drone  
  30  2:33  Drone  
  31  2:42  Pneumatized Carapace  
  31  2:49  Hatchery  
  31  2:51  Zergling x2  
  31  2:55  Zergling x2  
  31  2:57  Overlord  
  32  2:59  Drone  
  32  3:05  Drone x2  
  35  3:11  Drone  
  36  3:14  Queen  
  36  3:15  Drone  
  39  3:23  Overlord  
  39  3:24  Drone  
  40  3:28  Drone x4  
  40  3:34  Overlord  
  44  3:44  Drone x2  
  44  3:45  Roach Warren  
  45  3:54  Drone x2, Overlord  
  47  4:02  Zergling x8  
  51  4:03  Queen  
  51  4:05  Spore Crawler  
  51  4:09  Spore Crawler  
  51  4:22  Drone  
  51  4:23  Drone x3  
  56  4:24  Drone  
  56  4:25  Roach x4, Extractor  
  56  4:28  Roach  
  65  4:34  Roach x2  
  65  4:37  Spore Crawler  
  67  4:41  Roach  
  69  4:47  Overlord  
  69  4:49  Overlord  
  69  4:52  Roach  
  71  4:57  Drone x3  
  71  4:58  Overlord  
  74  5:05  Overlord  
  73  5:10  Spore Crawler  
  73  5:12  Zergling x6  
  75  5:18  Zergling x2  
  76  5:22  Zergling x2  
  76  5:24  Lair  
  76  5:25  Hatchery  
  76  5:27  Roach  
  78  5:36  Roach x2  
  78  5:40  Extractor  
  81  5:44  Roach x2  
  81  5:47  Drone x5  
  90  5:50  Zergling x2  
  91  5:59  Overlord  
  91  6:03  Extractor  
  91  6:04  Roach  
  92  6:10  Overlord  
  93  6:11  Roach  
  93  6:13  Roach x3  
  98  6:19  Roach x3  
  98  6:23  Roach  
  98  6:24  Spine Crawler  
  98  6:25  Zergling x2  
  108  6:32  Roach  
  108  6:34  Zergling x2  
  108  6:38  Queen  
  112  6:40  Roach  
  112  6:42  Roach x3  
  112  6:43  Zergling x2  
  119  6:48  Roach  
  119  6:51  Overlord  
  119  6:53  Overlord  
  115  7:04  Roach x3  
  99  7:08  Roach  
  99  7:09  Roach  
  99  7:11  Zergling x2, Roach x2  
  99  7:14  Roach  
  78  7:19  Roach  
  74  7:23  Roach  
  74  7:24  Roach x2  
  74  7:25  Ravager  
  74  7:26  Ravager  
  74  7:29  Roach  
  84  7:30  Zergling x2  
  84  7:35  Roach  
  87  7:39  Ravager  
  87  7:41  Roach  
  87  7:42  Zergling x6  
  89  7:48  Roach x2  
  89  7:50  Zergling x6  
  93  7:56  Zergling x2  
  80  7:58  Overseer  
  80  8:00  Zergling x4  
  80  8:05  Zergling x2  
  67  8:07  Zergling x2  
  67  8:10  Zergling x2  
  55  8:15  Overlord  
  55  8:17  Zergling x2  
  48  8:21  Zergling x2  
  48  8:24  Zergling x2  
  48  8:29  Drone  
  49  8:36  Roach Warren  
  48  8:57  Spine Crawler  
  47  9:10  Zergling x12  
  47  9:11  Zergling x6  
  57  9:17  Ravager  
  57  9:23  Roach x3  
Show
View Real Time Build Order
Export as new Build Order

Rail Protoss - Winner!

Build Orders: 1 Gate Expand, Archon Immortal, Zealot Archon, Archon Drop, Dark Templar Rush 

Get SALT Encoding   

  12  0:00  Probe (Chrono Boost)  
  13  0:12  Probe (Chrono Boost)  
  14  0:15  Probe  
  15  0:21  Pylon  
  15  0:39  Probe  
  15  0:40  Gateway  
  16  0:46  Assimilator  
  16  0:51  Probe (Chrono Boost)  
  17  1:03  Probe (Chrono Boost)  
  19  1:13  Probe (Chrono Boost)  
  19  1:20  Nexus  
  19  1:31  Cybernetics Core  
  19  1:33  Probe  
  19  1:38  Assimilator  
  20  1:45  Probe  
  21  1:49  Pylon  
  21  1:57  Probe (Chrono Boost)  
  22  2:07  Adept  
  22  2:08  Warp Gate  
  24  2:09  Probe (Chrono Boost)  
  26  2:19  Probe (Chrono Boost)  
  26  2:21  Twilight Council  
  26  2:24  Probe  
  27  2:32  Probe (Chrono Boost)  
  27  2:35  Stalker  
  32  2:44  Probe (Chrono Boost)  
  32  2:46  Probe (Chrono Boost)  
  33  2:51  Probe (Chrono Boost)  
  33  2:53  Probe  
  34  3:01  Robotics Facility  
  34  3:03  Probe  
  35  3:05  Probe  
  36  3:16  Dark Shrine  
  36  3:18  Probe (Chrono Boost)  
  38  3:24  Probe (Chrono Boost)  
  39  3:28  Probe x2 (Chrono Boost)  
  39  3:32  Probe  
  41  3:36  Gateway  
  41  3:37  Gateway  
  41  3:39  Gateway  
  41  3:42  Probe  
  42  3:48  Warp Prism (Chrono Boost)  
  42  3:51  Probe  
  42  3:55  Pylon  
  45  3:57  Probe, Assimilator  
  45  4:02  Shield Battery  
  46  4:06  Shield Battery  
  46  4:11  Pylon  
  46  4:13  Probe x2  
  48  4:30  Nexus  
  48  4:41  Dark Templar x3  
  48  4:42  Dark Templar  
  53  4:46  Assimilator  
  53  4:49  Probe x2  
  55  4:56  Immortal (Chrono Boost)  
  55  4:58  Pylon  
  55  4:59  Pylon  
  57  5:16  Gateway x2  
  57  5:18  Probe  
  57  5:20  Gateway  
  58  5:25  Immortal (Chrono Boost)  
  62  5:28  Dark Templar  
  62  5:29  Archon  
  62  5:32  Gateway  
  62  5:34  Pylon, Archon  
  64  5:45  Sentry  
  64  5:47  Pylon, Immortal (Chrono Boost)  
  70  5:50  Pylon  
  70  5:56  Zealot x2  
  74  5:59  Pylon  
  74  6:06  Zealot  
  76  6:11  Zealot  
  76  6:17  Observer  
  77  6:22  Zealot, Dark Templar x2  
  77  6:23  Zealot x2  
  87  6:27  Archon  
  87  6:28  Zealot  
  89  6:47  Zealot x3, Dark Templar x2  
  89  6:50  Zealot  
  89  6:51  Archon  
  101  6:55  Zealot x2  
  101  7:02  Charge  
  85  7:10  Zealot x4  
  85  7:15  Zealot  
  75  7:27  Sentry  
  75  7:28  Sentry x2  
  81  7:31  Sentry, Zealot  
  81  7:32  Zealot x2  
  81  7:36  Stalker  
  87  7:51  Zealot, Stalker  
  87  7:52  Zealot x3  
  85  8:02  Zealot x2  
  63  8:16  Immortal (Chrono Boost)  
  62  8:28  Sentry, Dark Templar x3  
  62  8:32  Zealot x3, Dark Templar  
  74  8:38  Archon  
  74  8:39  Archon  
  74  8:46  Observer (Chrono Boost)  
  75  8:49  Pylon  
  75  8:58  Zealot  
  75  9:00  Zealot  
  79  9:04  Zealot x2, Dark Templar x2  
  79  9:06  Zealot  
  79  9:09  Archon  
  89  9:10  Zealot  
  91  9:37  Zealot x4  
  91  9:38  Zealot x3  
Tags
 
Add a new tag
Caveats
  • Supply blocks, unpowered buildings, or Contaminate may cause inaccurate times.
  • Supply counts are checked every 10 seconds.